 Dungeon Crawl Stone Soup version 0.30-a0-778-g2ef04afb54 (webtiles) character file.

Game seed: 9094440513760999402

431 IdlyInterested the Cudgeller (level 6, -4/47 HPs)
             Began as a Demonspawn Fighter on Feb 16, 2023.
             Slain by a lemure (7 damage)
             ... led by Pikel
             ... on level 5 of the Dungeon.
             The game lasted 00:08:50 (3586 turns).

IdlyInterested the Cudgeller (Demonspawn Fighter)   Turns: 3586, Time: 00:08:51

Health: -4/47      AC: 12    Str: 18    XL:     6   Next: 67%
Magic:  6/6        EV:  7    Int:  9    God:
Gold:   254        SH:  0    Dex: 13    Spells: 5/5 levels left

rFire   . . .      SeeInvis .    w - +1 mace (drain)
rCold   . . .      Faith    .    (no shield)
rNeg    . . .      Spirit   .    e - +0 chain mail
rPois   .          Reflect  .    m - +0 helmet
rElec   .          Harm     .    (no cloak)
rCorr   .          Rampage  .    (no gloves)
Will    +....                    (no boots) Stlth
                                 (no amulet)
HPRegen 0.27/turn                h - +4 ring of slaying
MPRegen 0.20/turn                u - ring of willpower

@: no status effects
A: thin metallic scales 1, spiny 1, magic regeneration, demonic touch 1
a: no special abilities


You were on level 5 of the Dungeon.
You visited 1 branch of the dungeon, and saw 5 of its levels.

You collected 254 gold pieces.

Inventory:

Hand Weapons
 a - a +0 flail
 k - a +0 hand axe of flaming
 w - a +1 mace of draining (weapon)
Missiles
 b - 36 stones (quivered)
Armour
 e - a +0 chain mail (worn)
 m - a +0 helmet (worn)
Jewellery
 f - a ring of fire
 h - a +4 ring of slaying (left hand)
 u - a ring of willpower (right hand)
Scrolls
 s - a scroll of acquirement {unknown}
 t - a scroll of fog
 v - a scroll of teleportation
Potions
 c - a potion of berserk rage
 d - a potion of might
 g - a potion of brilliance
 i - a potion of attraction
 j - a potion of curing {unknown}
 l - 2 potions of degeneration {unknown}
 n - 2 potions of haste {unknown}
 o - a potion of heal wounds
 p - 2 potions of flight {unknown}
 q - a potion of magic {unknown}
 r - 2 potions of lignification {unknown}


   Skills:
 - Level 3.0 Fighting
 * Level 6.1 Maces & Flails
 - Level 1.0 Throwing
 - Level 2.6 Armour
 - Level 1.0 Dodging
 - Level 1.0 Stealth
 - Level 2.6 Shields
 - Level 1.0 Unarmed Combat


You had 5 spell levels left.
You didn't know any spells.
Your spell library contained the following spells:

 Spells                   Type           Power      Damage    Failure   Level
 Kiss of Death            Conj/Necr      0%         2d5       99%         1
 Magic Dart               Conj           0%         1d3       99%         1
 Sandblast                Erth           0%         2d4       99%         1
 Shock                    Conj/Air       0%         1d3       99%         1
 Call Imp                 Summ           0%         N/A       100%        2
 Ensorcelled Hibernation  Hex/Ice        0%         N/A       100%        2
 Passwall                 Tmut/Erth      0%         N/A       100%        2
 Confusing Touch          Hex            0%         N/A       100%        3
 Dazzling Flash           Conj/Hex       0%         N/A       100%        3
 Frozen Ramparts          Ice            0%         1d1       100%        3
 Gell's Gravitas          Tloc           0%         N/A       100%        3
 Mephitic Cloud           Conj/Pois/Air  0%         N/A       100%        3
 Spider Form              Tmut/Pois      0%         N/A       100%        3
 Stone Arrow              Conj/Erth      0%         3d7       100%        3
 Swiftness                Air            0%         N/A       100%        3
 Teleport Other           Tloc           0%         N/A       100%        3
 Airstrike                Air            0%         2d(0-16)  100%        4
 Anguish                  Hex/Necr       0%         N/A       100%        4
 Dispel Undead            Necr           0%         3d6       100%        4
 Ice Form                 Ice/Tmut       0%         N/A       100%        4
 Summon Ice Beast         Ice/Summ       0%         N/A       100%        4
 Agony                    Necr           0%         N/A       100%        5
 Silence                  Hex/Air        0%         N/A       100%        5
 Dispersal                Tloc           0%         N/A       100%        6


Dungeon Overview and Level Annotations

Branches:
Dungeon (5/15)
 Temple: D:4-7

Altars:
Okawaru
Uskayaw

Shops:
D:2 :

Annotations:
D:5 Pikel


Innate Abilities, Weirdness & Mutations

You are partially covered in thin metallic scales. (AC +2)
You are partially covered in sharp spines.
You regenerate magic rapidly.
Your touch may inflict minor irresistible damage on your foes.


Message History

The lemure hits you but does no damage.
Pikel, Merchant of Souls comes into view.
He is wielding a +1 whip of electrocution.
Pikel shouts!
You hear a shout! x2
A lemure comes into view.
The lemure shouts!
A lemure comes into view. x2
Found a stone staircase leading up.
You barely miss Pikel. Your touch misses Pikel. Pikel is struck by your spines.
Pikel hits you but does no damage. The lemure is struck by your spines.
The lemure hits you! The lemure is struck by your spines.
The lemure closely misses you.
You hit Pikel. You drain Pikel.
You touch Pikel!
Pikel is moderately wounded.
Pikel hits you with a +1 whip of electrocution.
The lemure barely misses you. The lemure hits you.
You hit Pikel. You drain Pikel. Your touch misses Pikel.
Pikel is heavily wounded.
Pikel barely misses you. The lemure closely misses you.
The lemure is struck by your spines.
The lemure hits you but does no damage. x2
Pikel hits you with a +1 whip of electrocution.
The lemure hits you.
You closely miss Pikel. You punch Pikel.
Pikel is heavily wounded.
Pikel drinks a potion.
Pikel is healed!
The lemure hits you but does no damage. The lemure is struck by your spines.
The lemure hits you but does no damage.
You hit Pikel. Your touch misses Pikel.
Pikel is moderately wounded.
Pikel is struck by your spines.
Pikel hits you with a +1 whip of electrocution.
The lemure is struck by your spines. The lemure barely misses you.
The lemure is struck by your spines. The lemure hits you but does no damage.
You closely miss Pikel. Your touch misses Pikel.
Pikel is heavily wounded.
Pikel hits you with a +1 whip of electrocution.
You are electrocuted!
* * * LOW HITPOINT WARNING * * *
The lemure is struck by your spines. The lemure hits you.
* * * LOW HITPOINT WARNING * * *
The lemure hits you!
You die...

#.#.###.#
######.
...#... . #.
#.#.# .# #.
#...# ..# #.
#<#.#..###
#.
##..........
##
#...#######.
##5## #@#
......5K#
......55.
........##
....##..#
.<.. ...#
#.. ...# ##
#.#.#


You could see Pikel (drained) and 4 lemures.

Vanquished Creatures
  A necrophage (D:5)
  2 iguanas (D:4)
  3 orc wizards (D:3)
  8 gnolls (D:4)
  8 adders
  An ufetubus (D:4)
  A worm (D:3)
  3 dart slugs
  3 orcs
  5 endoplasms
  8 giant cockroaches
  6 hobgoblins
  5 jackals
  7 quokkas
  5 ball pythons
  6 bats
  3 frilled lizards
  6 goblins
  11 kobolds
  3 rats
95 creatures vanquished.

Vanquished Creatures (others)
  5 toadstools (D:2)
5 creatures vanquished.

Grand Total: 100 creatures vanquished

Notes
Turn   | Place    | Note
-------+----------+-------------------------------------------
     0 | D:1      | IdlyInterested the Demonspawn Fighter began the quest for
                  | the Orb.
     0 | D:1      | Reached XP level 1. HP: 18/18 MP: 1/1
    28 | D:1      | Reached skill level 2 in Maces & Flails
   109 | D:1      | Gained mutation: You are partially covered in sharp spines.
                  | [demonic ancestry]
   109 | D:1      | Reached XP level 2. HP: 18/24 MP: 2/2
   219 | D:1      | Reached skill level 1 in Dodging
   279 | D:1      | Gained mutation: Your touch may inflict minor irresistible
                  | damage on your foes. [demonic ancestry]
   279 | D:1      | Reached XP level 3. HP: 19/29 MP: 3/3
   492 | D:1      | Reached skill level 3 in Maces & Flails
   706 | D:2      | Reached skill level 1 in Stealth
  1031 | D:2      | Gained mutation: You regenerate magic rapidly. [demonic
                  | ancestry]
  1031 | D:2      | Reached XP level 4. HP: 32/35 MP: 4/4
  1180 | D:2      | Found Zalud's Book Shoppe.
  1756 | D:3      | Reached skill level 4 in Maces & Flails
  1756 | D:3      | Reached skill level 1 in Throwing
  1763 | D:3      | Reached XP level 5. HP: 30/41 MP: 5/5
  2131 | D:3      | Reached skill level 1 in Unarmed Combat
  2710 | D:4      | Reached skill level 5 in Maces & Flails
  2917 | D:4      | Gained mutation: You are partially covered in thin metallic
                  | scales. (AC +2) [demonic ancestry]
  2917 | D:4      | Reached XP level 6. HP: 43/47 MP: 6/6
  3241 | D:4      | Found a hide-covered altar of Uskayaw.
  3452 | D:4      | Found an iron altar of Okawaru.
  3542 | D:5      | Entered Level 5 of the Dungeon
  3575 | D:5      | Reached skill level 6 in Maces & Flails
  3577 | D:5      | Noticed Pikel
  3586 | D:5      | Slain by a lemure

Illustrated notes

Levels and vault maps discovered:
D:1:      dpeg_arrival_prison, layout_basic, minmay_misc_feat_secret_circle
D:2:      cheibrodos_helix_gallery, layout_basic, serial_shops,
          nicolae_square_shop, nicolae_concentric_dashed_squares_mild,
          minmay_gold_behind_fungi, minmay_misc_feat_roman
D:3:      layout_basic
D:4:      layout_loops_ring, lemuel_crystal_altar, mainiacjoe_overflow_alcove_1,
          chequers_serial_rivers_large_a
D:5:      layout_loops_cross, hangedman_abyss_or_decor_stabs,
          minmay_misc_feat_plants, nicolae_grassy_gnolls, uniq_edmund,
          uniq_pikel, uniq_ijyb

Skill      XL: |  1  2  3  4  5  6 |
---------------+-------------------+-----
Maces & Flails | 2 3 4 5 6 |  6.1
Dodging        | 1 |  1.0
Stealth        | 1 |  1.0
Throwing       | 1 |  1.0
Unarmed Combat | 1 |  1.0
Fighting       | |  3.0
Armour         | |  2.6
Shields        | |  2.6

Action                     |  1- 3 |  4- 6 || total
---------------------------+-------+-------++-------
  Melee: Flail             |    66 |    88 ||   154
         Touch             |     3 |    10 ||    13
         Punch             |       |     3 ||     3
         Mace              |       |     9 ||     9
  Throw: Stone             |       |     3 ||     3
    Use: Scroll            |     3 |     4 ||     7
 Armour: Chain mail        |    41 |    66 ||   107
  Dodge: Dodged            |    21 |    41 ||    62
  Block: Buckler           |     9 |       ||     9

Table legend: (Time is in decaauts)
 A = Elapsed time spent in this place.
 B = Non-inter-level travel time spent in this place.
 C = Inter-level travel time spent in this place.
 D = Time resting spent in this place.
 E = Time spent auto-exploring this place.
 F = Levels seen in this place.
 G = Mean time per level.
                   A        B        C        D        E       F      G
               +--------+--------+--------+--------+--------+-----+--------+
         Total |   3638 |   2994 |    644 |     99 |   2065 |   5 |  727.6 |
       Dungeon |   3638 |   2994 |    644 |     99 |   2065 |   5 |  727.6 |
               +--------+--------+--------+--------+--------+-----+--------+

Top non-repeatable levels by time:
     D:3: 1033 daAuts
     D:2: 1008 daAuts
     D:1: 829 daAuts
     D:4: 741 daAuts
     D:5: 25 daAuts
